 Dungeon Crawl Stone Soup version 0.28-a0-631-g0446da8ef9 (webtiles) character file.

Game seed: 17381800865936922239

274 Sabo the Covered (level 6, -2/48 HPs)
             Began as a Formicid Fighter on Oct 9, 2021.
             Was a Priest of Ignis.
             Slain by a centaur skeleton (3 damage)
             ... on level 4 of the Dungeon.
             The game lasted 00:15:27 (3670 turns).

Sabo the Covered (Formicid Fighter)                 Turns: 3670, Time: 00:15:27

Health: -2/48      AC:  9    Str: 22    XL:     6   Next: 49%
Magic:  6/6        EV:  8    Int:  7    God:    Ignis [***...]
Gold:   129        SH:  5    Dex: 11    Spells: 5/5 levels left

rFire   + . .      SeeInvis +   a - +0 quarterstaff
rCold   . . .      Faith    .   c - +0 buckler
rNeg    . . .      Spirit   .   l - +0 chain mail
rPois   .          Reflect  .   (helmet unavailable)
rElec   .          Harm     .   (no cloak)
rCorr   .          Rampage  .   (no gloves)
Will    .....                   (no boots)
Stlth   ..........              f - amulet of the acrobat
HPRegen 0.16/turn               (no ring)
MPRegen 0.10/turn               (no ring)

@: lethally poisoned (-2 -> -4)
A: permanent stasis, dig shafts and tunnels, antennae 3, four strong arms
a: Dig, Shaft Self, Renounce Religion, Sea of Fire, Foxfire Swarm, Rising Flame


You were on level 4 of the Dungeon.
You worshipped Ignis.
Ignis was most pleased with you.
You visited 1 branch of the dungeon, and saw 4 of its levels.

You collected 129 gold pieces.

Inventory:

Hand Weapons
 a - a +0 quarterstaff (weapon)
Missiles
 e - 21 arrows
 h - 19 poisoned darts
Armour
 c - a +0 buckler (worn)
 l - a +0 chain mail (worn)
Jewellery
 f - an amulet of the acrobat (around neck)
 m - an amulet of guardian spirit
Scrolls
 g - a scroll of enchant weapon
 i - a scroll of magic mapping {unknown}
 j - a scroll of summoning {unknown}
 k - a scroll of blinking {unknown}
 o - a scroll of fog {unknown}
Potions
 b - a potion of heal wounds {unknown}
 d - a potion of might
 n - a potion of resistance {unknown}


   Skills:
 + Level 4.2 Fighting
 + Level 4.0 Staves
 + Level 4.7 Armour
 + Level 0.8 Dodging
 + Level 0.8 Stealth
 + Level 4.5 Shields


You had 5 spell levels left.
You didn't know any spells.
Your spell library contained the following spells:

 Spells                   Type           Power      Damage    Failure   Level
 Summon Small Mammal      Summ           0%         N/A       98%         1
 Call Canine Familiar     Summ           0%         N/A       100%        3
 Summon Guardian Golem    Hex/Summ       0%         N/A       100%        3


Dungeon Overview and Level Annotations

Branches:
Dungeon (4/15)
 Temple: D:4-7

Altars:
Nemelex Xobeh
Trog
Xom
Ignis


Innate Abilities, Weirdness & Mutations

You cannot be hasted, slowed, berserked, paralysed or teleported.
You can dig through walls and to a lower floor.
You have a pair of large antennae on your head. (SInv)
Your four strong arms can wield two-handed weapons with a shield.


Message History

You feel very sick.
The gnoll hits you from afar with a +0 spear!
You block the kobold's attack. The gnoll hits you but does no damage.
You hit the kobold.
You kill the kobold!
You feel very sick. The gnoll hits you but does no damage.
The gnoll barely misses you.
You barely miss the gnoll.
You feel very sick.
You block the gnoll's attack. x2; The gnoll hits you with a +0 club.
* * * LOW HITPOINT WARNING * * *
You block the gnoll's attack.
You thump the gnoll!
You kill the gnoll!
You feel sick. The gnoll hits you but does no damage.
The gnoll barely misses you.
You hit the centaur skeleton.
The centaur skeleton is moderately damaged.
You feel sick. The centaur skeleton barely misses you.
The centaur skeleton completely misses you.
The gnoll barely misses you. The gnoll hits you but does no damage.
The centaur skeleton completely misses you.
The centaur skeleton barely misses you. Fires begin to smoulder around you!
You feel sick. The gnoll closely misses you.
The centaur skeleton barely misses you.
You block the centaur skeleton's attack.
The gnoll hits you from afar with a +0 spear.
* * * LOW HITPOINT WARNING * * *
You hit the centaur skeleton.
The centaur skeleton is moderately damaged.
* * * LOW HITPOINT WARNING * * *
You feel sick. You block the gnoll's attack.
You block the centaur skeleton's attack.
The centaur skeleton kicks you but does no damage.
The gnoll barely misses you. x2; The fire ignites! x81
You hit the centaur skeleton.
The centaur skeleton is moderately damaged.
* * * LOW HITPOINT WARNING * * *
You feel sick. The centaur skeleton hits you.
You die...

... ##. .§.####
..##.# . .. .§§....
#....# .# . .§§§...
....# #.# .§§§§..
...#... .§§§§§.
..#.#
.§§§§§g#####§§§# #
##
.§☼§§§§Z@§§§§####.#
+.
.§§§§§g##§§§§§§§..#
## $§§§§§.
#§§§§#§##### #
.§§§§..
#§§§§#.....#### #
.§§§...
#§§§§#..#.....###
.§§####
#§§§§#..#.###..##
?§.
#§§§§##.#.†.##..#
##
#######.##...##..
#..#....##.


You could see 2 gnolls and a centaur skeleton.

Vanquished Creatures
  A black bear (D:4)
  An orc priest (D:3)
  An iguana (D:4)
  An orc wizard (D:3)
  2 gnolls (D:4)
  An adder (D:2)
  An adder skeleton (D:4)
  A dart slug (D:1)
  8 orcs (D:3)
  14 ball pythons
  2 bats
  2 endoplasms (D:1)
  2 giant cockroaches
  4 goblins (D:1)
  4 hobgoblins
  8 kobolds
  5 quokkas
  3 frilled lizards
  3 rats
64 creatures vanquished.

Vanquished Creatures (others)
  41 foxfires
41 creatures vanquished.

Grand Total: 105 creatures vanquished

Notes
Turn   | Place    | Note
-------+----------+-------------------------------------------
     0 | D:1      | Sabo the Formicid Fighter began the quest for the Orb.
     0 | D:1      | Reached XP level 1. HP: 18/18 MP: 1/1
    39 | D:1      | Reached XP level 2. HP: 13/24 MP: 2/2
   396 | D:1      | Found a faded altar of an unknown god.
   419 | D:1      | Became a worshipper of Ignis, the Dying Flame
   487 | D:1      | Reached XP level 3. HP: 29/29 MP: 3/3
  1481 | D:2      | Reached XP level 4. HP: 14/37 MP: 4/4
  2477 | D:3      | Reached XP level 5. HP: 42/42 MP: 5/5
  2497 | D:3      | Found a sparkling altar of Nemelex Xobeh.
  2497 | D:3      | Found a bloodstained altar of Trog.
  2525 | D:3      | Found a shimmering altar of Xom.
  3144 | D:4      | Noticed a black bear
  3157 | D:4      | Killed a black bear
  3158 | D:4      | Reached XP level 6. HP: 22/48 MP: 6/6
  3670 | D:4      | HP: 1/48 [poisoned by a kobold]
  3670 | D:4      | Slain by a centaur skeleton

Illustrated notes

Levels and vault maps discovered:
D:1:      dpeg_arrival_houses_and_road, layout_basic,
          shapermc_ecumenical_altar_ellora, minmay_misc_feat_doors
D:2:      layout_loops_ring
D:3:      layout_basic, nicolae_overflow_hidden_temple,
          gammafunk_temple_overflow_statue
D:4:      minmay_evil_eye, layout_basic

Skill      XL: |  1  2  3  4  5  6 |
---------------+-------------------+-----
Shields        | 4 |  4.5
Staves         | 3 4 |  4.0
Armour         | 4 |  4.7
Fighting       | 4 |  4.2
Dodging        | |  0.8
Stealth        | |  0.8

Action                   |  1- 3 |  4- 6 || total
-------------------------+-------+-------++-------
Melee: Quarterstaff      |    70 |    91 ||   161
Invok: Sea of Fire       |     1 |     1 ||     2
       Foxfire Swarm     |     1 |     3 ||     4
 Abil: Dig               |     2 |     6 ||     8
  Use: Scroll            |     3 |     1 ||     4
Armor: Scale mail        |    29 |     4 ||    33
       Chain mail        |       |    49 ||    49
Dodge: Dodged            |    32 |    78 ||   110
Block: Buckler           |    12 |    38 ||    50

Table legend: (Time is in decaauts)
 A = Elapsed time spent in this place.
 B = Non-inter-level travel time spent in this place.
 C = Inter-level travel time spent in this place.
 D = Time resting spent in this place.
 E = Time spent auto-exploring this place.
 F = Levels seen in this place.
 G = Mean time per level.
                   A        B        C        D        E       F      G
               +--------+--------+--------+--------+--------+-----+--------+
         Total |   3703 |   3703 |      0 |    951 |      0 |   4 |  925.8 |
       Dungeon |   3703 |   3703 |      0 |    951 |      0 |   4 |  925.8 |
               +--------+--------+--------+--------+--------+-----+--------+

Top non-repeatable levels by time:
     D:3: 1173 daAuts
     D:1: 1051 daAuts
     D:2: 911 daAuts
     D:4: 566 daAuts
